[Event "Snabb-SM för veteraner, 65+ 2019"]
[Site "Schackcentrum, Vegagatan 20, Gothenburg, Sweden"]
[Date "2019.10.06"]
[Round "10.3"]
[White "Fransson, Lennart"]
[Black "Franzen, Thomas"]
[Result "1-0"]
[TimeControl "15 minutes + 10 seconds per move from move one"]
[WhiteFideId "1706756"]
[BlackFideId "1706039"]
[WhiteElo "1983"]
[BlackElo "1860"]

1. c4 e5 2. g3 Nf6 3. Bg2 Nc6 4. d3 a6 5. Nc3 Bc5 6. Nf3 O-O 7. O-O h6 8. a3 Rb8 9. b4 Ba7 10.
b5 axb5 11. cxb5 Ne7 12. Nxe5 Bd4 13. Nxf7 Rxf7 14. Qb3 d5 15. e3 Bb6 16. Ne2 Ng6 17. Bb2 c6 18. Bc3 Be6 19. a4 Qe8 20.
Qb2 Bc7 21. b6 Bd6 22. Nd4 Bd7 23. a5 Ne5 24. Rad1 c5 25. Ne2 Bc6 26. Nf4 g5 27. Ne2 Nh5 28. Bxe5 Bxe5 29. d4 Bg7 30.
Nc3 cxd4 31. exd4 Qd7 32. Qc2 Nf6 33. Rfe1 Re8 34. Re5 Rfe7 35. Rde1 Rxe5 36. dxe5 Ng4 37. f4 d4 38. Ne4 d3 39.
Qc4+ Kh8 40. Nc5 d2 41. Rd1 Ne3 42. Nxd7 Nxc4 43. Bxc6 bxc6 44. b7 Nxa5 45. b8=Q Rxb8 46. Nxb8 Nc4 47.
Nxc6 Bf8 48. Kf1 Ne3+ 49. Ke2 Nxd1 50. Kxd1 gxf4 51. gxf4 Kg7 52.
f5 Bc5 53. Kxd2 h5 54. Kd3 Kf7 55. Ke4 h4 56. h3 Ba3 57. Kf4 Bc5 58. Nd8+ Ke8 59. Ne6 Bf2 60. Kg4 Bg3 61. Nf4 Kf7 62. f6 Ke8 63. Kf5 Be1 64.
e6 Bb4 65. Ng6 1-0

[Event "Snabb-SM för veteraner, 65+ 2019"]
[Site "Schackcentrum, Vegagatan 20, Gothenburg, Sweden"]
[Date "2019.10.06"]
[Round "10.4"]
[White "Green, Per"]
[Black "Olsson, Tomas"]
[Result "1/2-1/2"]
[TimeControl "15 minutes + 10 seconds per move from move one"]
[WhiteFideId "1703811"]
[BlackFideId "1702696"]
[WhiteElo "1923"]
[BlackElo "1973"]

1. Nf3 Nf6 2. c4 g6 3. b3 Bg7 4. Bb2 c5 5. g3 Nc6 6. Bg2 O-O 7. O-O d6 8. d4 cxd4 9. Nxd4 Qb6 10.
e3 Bg4 11. Qd2 Rfd8 12. h3 Bd7 13. Nc3 a6 14. Rfe1 Rac8 15. Rac1 Re8 16. Kh2 Rcd8 17. Nde2 Qa5 18. Nf4 b5 19.
cxb5 axb5 20. Qe2 b4 21. Na4 Rc8 22. Red1 Red8 23. Nd5 Nxd5 24. Rxd5 Qa7 25. Bxg7 Kxg7 26. Qb2+ Kg8 27. a3 bxa3 28.
Qxa3 Ne5 29. Rdd1 Rxc1 30. Rxc1 Nd3 31. Rf1 Rc8 32. Be4 Bb5 33. Bxd3 Bxd3 34. Rc1 Rxc1 35. Qxc1 Qb7 36. Qd1 Be4 37.
Nc3 Bf3 38. Qc2 Qa6 39. Qb1 Qc6 40. Qc2 Qa6 41. Qb1 Ba8 42. e4 e6 43. b4 Qb6 44. Qb2 d5 45. exd5 exd5 46. Na4 Qb5 47.
Nc5 d4 48. Qxd4 Qc6 49. Qd8+ Kg7 50. Qd4+ Kg8 51. Qd8+ Kg7 52. Qd4+ 1/2-1/2

[Event "Snabb-SM för veteraner, 65+ 2019"]
[Site "Schackcentrum, Vegagatan 20, Gothenburg, Sweden"]
[Date "2019.10.06"]
[Round "10.5"]
[White "Wahlstrom, Lennart"]
[Black "Kvarby, Anders"]
[Result "1-0"]
[TimeControl "15 minutes + 10 seconds per move from move one"]
[WhiteFideId "1706829"]
[BlackFideId "1746596"]
[WhiteElo "2109"]
[BlackElo "1887"]

1. e4 d5 2. exd5 Qxd5 3. Nc3 Qa5 4. d4 Nf6 5. Nf3 Bf5 6. Ne5 Nbd7 7. Nc4 Qa6 8. Bf4 Qe6+ 9. Be2 O-O-O 10. d5 Nxd5 11. Qxd5 Qxd5 12. Nxd5 e5 13. Be3 Bxc2 14. O-O Nc5 15. Nc3 Nd3 16. Bg5 f6 17. Ne3 Nxb2 18. Nxc2 fxg5 19.
Ne4 Be7 20. Rab1 Na4 21. Rb5 Bf6 22. Ra5 Nb6 23. Rxa7 Rd5 24. Bf3 Kb8 25. Nxf6 gxf6 26. Bxd5 Kxa7 27. Be4 h5 28. Ne3 Rd8 29.
Rd1 Rxd1+ 30. Nxd1 Nc4 31. Bg6 h4 32. g3 hxg3 33. fxg3 Nd6 34. h4 1-0

[Event "Snabb-SM för veteraner, 65+ 2019"]
[Site "Schackcentrum, Vegagatan 20, Gothenburg, Sweden"]
[Date "2019.10.06"]
[Round "10.6"]
[White "Olesen, Christer"]
[Black "Nyberg, Bo"]
[Result "1-0"]
[TimeControl "15 minutes + 10 seconds per move from move one"]
[WhiteFideId "1739069"]
[BlackFideId "1710583"]
[WhiteElo "1809"]
[BlackElo "1806"]

1. d4 d5 2. Bf4 c6 3. Nf3 e6 4. e3 f5 5. Ne5 Nf6 6. Nd2 Be7 7. Bd3 O-O 8. O-O Ne4 9. f3 Nxd2 10.
Qxd2 Nd7 11. c4 Nxe5 12. Bxe5 Bf6 13. Bxf6 Qxf6 14. f4 Kh8 15. Kh1 Bd7 16. b4 g5 17. fxg5 Qxg5 18. Rf4 Rad8 19.
Raf1 Rg8 20. c5 Rg7 21. R1f3 Rdg8 22. Rg3 Qf6 23. Rxg7 Rxg7 24. Qf2 Kg8 25. h3 e5 26. dxe5 Qxe5 27.
Bxf5 Bxf5 28. Rxf5 Qe7 29. Qf4 Rf7 30. Rxf7 Qxf7 31. Qxf7+ Kxf7 32. Kh2 Kf6 33. Kg3 Ke5 34. Kf3 Kf5 35. g4+ Kg5 36. Kg3 b6 37.
h4+ Kf6 38. Kf4 bxc5 39. bxc5 h6 40. g5+ hxg5+ 41. hxg5+ Kg6 42. Ke5 Kxg5 43. Kd6 Kf5 44. Kxc6 Ke5 45. Kd7 1-0

[Event "Snabb-SM för veteraner, 65+ 2019"]
[Site "Schackcentrum, Vegagatan 20, Gothenburg, Sweden"]
[Date "2019.10.06"]
[Round "10.7"]
[White "Nilsson, Weine"]
[Black "Degerfeldt, Sven"]
[Result "0-1"]
[TimeControl "15 minutes + 10 seconds per move from move one"]
[WhiteFideId "1716727"]
[BlackFideId "1717430"]
[WhiteElo "1847"]
[BlackElo "1822"]

1. Nf3 c5 2. g3 b6 3. Bg2 Bb7 4. O-O Nf6 5. d3 e6 6. e4 d6 7. Nbd2 Be7 8. a4 Nbd7 9. Re1 Qc7 10. Nc4 O-O 11. h3 a6 12.
Na3 Bc6 13. b3 Rfe8 14. Bf4 Qb7 15. Nc4 e5 16. Bd2 Nf8 17. a5 b5 18. Nb6 Rad8 19. c4 b4 20. Nh4 g6 21. Nd5 Nxd5 22.
cxd5 Bb5 23. Bf1 Bxh4 24. gxh4 Qe7 25. Qg4 Bd7 26. Qg3 Rb8 27. Kh2 f5 28. f4 Qg7 29. fxe5 dxe5 30. exf5 Bxf5 31.
Bg2 Nd7 32. Rf1 Nf6 33. Rae1 Nh5 34. Qf2 Bxd3 35. Rg1 e4 36. Bf1 Rf8 37. Qxc5 Qe5+ 38. Kh1 Bxf1 39. Rgxf1 Rxf1+ 40. Rxf1 Ng3+ 41.
Kg1 Nxf1 42. Kxf1 Rf8+ 43. Ke1 Qg3+ 44. Ke2 Qd3+ 0-1

[Event "Snabb-SM för veteraner, 65+ 2019"]
[Site "Schackcentrum, Vegagatan 20, Gothenburg, Sweden"]
[Date "2019.10.06"]
[Round "10.8"]
[White "Landin, Bo"]
[Black "Wahlstedt, Mats"]
[Result "1/2-1/2"]
[TimeControl "15 minutes + 10 seconds per move from move one"]
[WhiteFideId "1705261"]
[BlackFideId "1712250"]
[WhiteElo "1959"]
[BlackElo "1821"]

1. e4 c5 2. Nf3 e6 3. d4 cxd4 4. Nxd4 a6 5. g3 e5 6. Ne2 Qc7 7. Nbc3 Bb4 8. Bg2 Ne7 9. O-O O-O 10.
Bg5 f6 11. Be3 Kh8 12. a3 Bc5 13. Bxc5 Qxc5 14. b4 Qc4 15. Qd2 b5 16. Rfd1 Nbc6 17. Bf1 Qe6 18. Nd5 Rb8 19. Nxe7 Qxe7 20.
Qd6 Rd8 21. Rd2 Kg8 22. Rad1 Kf8 23. Bh3 Qxd6 24. Rxd6 Ke7 25. c3 Rb7 26. Nc1 Rc7 27. Nb3 Nd4 28. Nxd4 exd4 29. R6xd4 Rxc3 30.
R4d3 Rxd3 31. Rxd3 Bb7 32. Bg2 Rc8 33. Kf1 Rc1+ 34. Ke2 Rc2+ 35. Rd2 Rxd2+ 36. Kxd2 f5 37. f3 fxe4 38. fxe4 Ke6 39. Ke3 Ke5 40. Bf3 d6 41. Bg2 Bc6 42. Bf3 Bb7 43.
Bg2 Bc6 44. Bf3 1/2-1/2

[Event "Snabb-SM för veteraner, 65+ 2019"]
[Site "Schackcentrum, Vegagatan 20, Gothenburg, Sweden"]
[Date "2019.10.06"]
[Round "10.9"]
[White "Herrman, Jan"]
[Black "Nordstrom, Per-Olov"]
[Result "1/2-1/2"]
[TimeControl "15 minutes + 10 seconds per move from move one"]
[WhiteFideId "1731882"]
[BlackFideId "1714317"]
[WhiteElo "1929"]
[BlackElo "1940"]

1. e4 c5 2. Nf3 Nc6 3. d4 cxd4 4. Nxd4 Nf6 5. Nc3 e5 6. Ndb5 d6 7. Bg5 a6 8. Na3 b5 9. Nd5 Be7 10.
Nxe7 Qxe7 11. Bd3 h6 12. Bxf6 Qxf6 13. O-O O-O 14. c3 Be6 15. Nc2 Rfd8 16. Ne3 Ne7 17. Qe2 d5 18. exd5 Nxd5 19.
Nxd5 Bxd5 20. Be4 Qc6 21. Rfe1 f6 1/2-1/2

[Event "Snabb-SM för veteraner, 65+ 2019"]
[Site "Schackcentrum, Vegagatan 20, Gothenburg, Sweden"]
[Date "2019.10.06"]
[Round "11.1"]
[White "Stroem, Leif"]
[Black "Alfven, Jorgen"]
[Result "1/2-1/2"]
[TimeControl "15 minutes + 10 seconds per move from move one"]
[WhiteFideId "1709410"]
[BlackFideId "1715950"]
[WhiteElo "2014"]
[BlackElo "1791"]

1. c4 Nf6 2. g3 e6 3. Bg2 d5 4.
Nf3 c5 5. cxd5 exd5 6. d4 Nc6 7. O-O b6 8. Nc3 c4 9. Bg5 Be7 10. Ne5 Bb7 11. Qa4 Rc8 12. Bxf6 gxf6 13. Ng4 h5 14.
Ne3 Kf8 15. Bxd5 Qd7 16. Qxc4 h4 17. Qb5 hxg3 18. fxg3 Qh3 19. Rf2 Nxd4 20. Qd3 Bxd5 21. Ncxd5 Bc5 22. b4 Nc2 23. Rc1 Bxe3 24.
Nxe3 Nxe3 25. Rxc8+ Qxc8 26. Qxe3 Kg7 27. Rf4 Rh6 28. Qd2 Qh3 29. Rf2 Qe6 30. a3 Qb3 31. Rf3 Qb1+ 32. Kg2 Qe4 33.
Qd3 Qc6 34. e4 Qe6 35. Rf2 Qh3+ 36. Kg1 Qe6 37. Qd5 Qc8 38. e5 Qc1+ 39. Rf1 Qe3+ 40. Kg2 Qe2+ 41. Rf2 Rxh2+ 42. Kxh2 Qxf2+ 43. Kh3 Qf1+ 44. Kh2 Qf2+ 45. Kh3 Qf5+ 1/2-1/2

[Event "Snabb-SM för veteraner, 65+ 2019"]
[Site "Schackcentrum, Vegagatan 20, Gothenburg, Sweden"]
[Date "2019.10.06"]
[Round "11.2"]
[White "Dolata, Henryk"]
[Black "Przysuski, Feliks"]
[Result "1/2-1/2"]
[TimeControl "15 minutes + 10 seconds per move from move one"]
[WhiteFideId "1709046"]
[BlackFideId "1712489"]
[WhiteElo "2064"]
[BlackElo "2008"]

1. e4 c5 2. c3 Nf6 3.
e5 Nd5 4. d4 cxd4 5. cxd4 Nc6 6.
Nf3 d6 7. Bc4 Nb6 8. Bb5 dxe5 9. Nxe5 Bd7 10. Bxc6 Bxc6 11.
Nxc6 bxc6 12. O-O e6 13.
Nc3 Be7 14. Qf3 Qd7 15. Rd1 O-O 16.
Be3 Nd5 17. Rac1 Rac8 18. Na4 Qb7 19. b3 Ba3 20. Nc5 Bxc5 21. Rxc5 Rfd8 22. Rdc1 Nb4 23. Qe2 Rd5 24. h4 Rxc5 25.
Rxc5 Nd5 26. h5 h6 27. g4 Qe7 28. Kg2 Qd6 29. Qf3 Rf8 30. g5 hxg5 31. Bxg5 f6 32. Be3 e5 33. Qe4 exd4 34. Qxd4 f5 35. Bc1 f4 36. Bb2 f3+ 37. Kg1 Qe7 38.
Bc1 Rf5 39. Rxc6 Qe1+ 40. Kh2 Rxh5+ 41. Kg3 Qh1 42. Rc8+ Kh7 43. Qe4+ g6 44. Rc7+ Nxc7 45. Qe7+ Kg8 46. Qd8+ Kf7 47. Qd7+ Kg8 48. Qd8+ Kf7 49. Qd7+ Kf6 50. Bb2+ Kf7 51. Bc1+ 1/2-1/2

[Event "Snabb-SM för veteraner, 65+ 2019"]
[Site "Schackcentrum, Vegagatan 20, Gothenburg, Sweden"]
[Date "2019.10.06"]
[Round "11.3"]
[White "Olsson, Tomas"]
[Black "Fransson, Lennart"]
[Result "0-1"]
[TimeControl "15 minutes + 10 seconds per move from move one"]
[WhiteFideId "1702696"]
[BlackFideId "1706756"]
[WhiteElo "1973"]
[BlackElo "1983"]

1. e4 c6 2. Nf3 d5 3. exd5 cxd5 4. Ne5 Nc6 5. Bb5 Bd7 6. Nxd7 Qxd7 7. d4 e6 8. c3 Bd6 9. Nd2 a6 10.
Bd3 Nf6 11. O-O O-O 12. f4 Qc7 13. Qf3 b5 14. a3 Rab8 15. g4 g6 16. Rf2 a5 17. Nf1 b4 18. Ng3 bxc3 19. bxc3 Ne7 20.
g5 Ne8 21. Bc2 f6 22. Qg4 Ng7 23. h4 Nef5 24. Nxf5 gxf5 25. Qg3 e5 26. Qf3 e4 27. Qh3 fxg5 28. hxg5 Ne6 29. Qh6 Qf7 30.
g6 Qg7 31. Qh4 hxg6 32. Rh2 Kf7 33. Rg2 Rh8 34. Qf2 Rh3 35. Rg3 Rbh8 36. Rxh3 Rxh3 37. Bb3 Qh6 38. Qg2 Qh4 0-1

[Event "Snabb-SM för veteraner, 65+ 2019"]
[Site "Schackcentrum, Vegagatan 20, Gothenburg, Sweden"]
[Date "2019.10.06"]
[Round "11.4"]
[White "Franzen, Thomas"]
[Black "Wahlstrom, Lennart"]
[Result "0-1"]
[TimeControl "15 minutes + 10 seconds per move from move one"]
[WhiteFideId "1706039"]
[BlackFideId "1706829"]
[WhiteElo "1860"]
[BlackElo "2109"]

1. d4 d5 2. Bf4 c5 3. dxc5 Nc6 4.
e3 e5 5.
Bg3 Bxc5 6. Nf3 e4 7. Nd4 Bxd4 8. exd4 Qb6 9. Nc3 Be6 10. Nb5 O-O-O 11. Bc7 Qa6 12. Nd6+ Kxc7 13. Bxa6 Rxd6 14.
Be2 f5 15. a4 Nf6 16. Qd2 h6 17. b4 g5 18. b5 Ne7 19. O-O f4 20. Rfc1 Kb8 21. Qb4 Nf5 22. c4 dxc4 23. Bxc4 Rxd4 24. Qc5 Nd7 25. Qxd4 Nxd4 26.
Rd1 Bxc4 27. Rxd4 Be6 28. Rxe4 Nc5 29. Re5 b6 30. h3 Rd8 31. a5 Bc4 32. axb6 axb6 33. Re7 Bxb5 34. Rh7 Rd6 35.
Rh8+ Kb7 36. Raa8 Bd7 37. Ra1 f3 38. gxf3 Bxh3 39. Kh2 Bd7 40. Kg3 Nd3 41. Rha8 Kc6 42. Rh8 Nc5 43. Rc1 b5 44.
Rb8 Rd4 45. Rh8 b4 46. Rxh6+ Kb5 47. Rg6 Rd5 48. Rg8 Na4 49. Rb8+ Nb6 50. f4 Rd3+ 51. f3 g4 52. Rf1 b3 53. Rg8 Rxf3+ 54. Rxf3 gxf3 55.
Kxf3 b2 56. Rg1 Bf5 57. Ke3 Kc5 58. Kf3 Nc4 59. Kg3 Nd2 60. Re1 Kc4 61. Rh1 Nb3 62. Kh4 Nc1 0-1

[Event "Snabb-SM för veteraner, 65+ 2019"]
[Site "Schackcentrum, Vegagatan 20, Gothenburg, Sweden"]
[Date "2019.10.06"]
[Round "11.5"]
[White "Degerfeldt, Sven"]
[Black "Green, Per"]
[Result "1/2-1/2"]
[TimeControl "15 minutes + 10 seconds per move from move one"]
[WhiteFideId "1717430"]
[BlackFideId "1703811"]
[WhiteElo "1822"]
[BlackElo "1923"]

1. d4 Nf6 2. Nf3 d5 3. c4 e6 4. e3 b6 5. cxd5 exd5 6. Bd3 Bd6 7. Nc3 a6 8. h3 c5 9. O-O O-O 10.
b3 Nc6 11. Bb2 Re8 12. Rc1 cxd4 13. Nxd4 Nxd4 14. exd4 Bb7 15. Qf3 Ne4 16. Rfe1 Bb4 17. Re2 Nxc3 18. Bxc3 Rc8 19. Bb2 Rxe2 20.
Qxe2 b5 21. Rxc8 Bxc8 22. Bc1 Be6 23. Bf4 Bd6 24. Bxd6 Qxd6 25. Qc2 g6 26. Qc5 Qb8 27. Bf1 Kg7 28. g3 Qa8 29. Qc7 Kg8 30.
Kh2 Kg7 31. Bd3 Kg8 32. f4 Qf8 33. Qc5 Qb8 34. Qc1 b4 35. Qe3 a5 36. Kg2 Qc8 37. Bb1 Bxh3+ 38. Kf2 Bf5 39. Bxf5 Qxf5 40. Kf3 Qc2 41. Qe8+ Kg7 42.
Qe5+ Kg8 43. Qe8+ Kg7 44. Qe5+ Kg8 1/2-1/2

[Event "Snabb-SM för veteraner, 65+ 2019"]
[Site "Schackcentrum, Vegagatan 20, Gothenburg, Sweden"]
[Date "2019.10.06"]
[Round "11.6"]
[White "Kvarby, Anders"]
[Black "Olesen, Christer"]
[Result "1-0"]
[TimeControl "15 minutes + 10 seconds per move from move one"]
[WhiteFideId "1746596"]
[BlackFideId "1739069"]
[WhiteElo "1887"]
[BlackElo "1809"]

1. d4 Nf6 2. Nf3 d5 3. c4 c6 4. cxd5 cxd5 5. Nc3 Nc6 6. Bf4 g6 7. e3 a6 8. Rc1 Bg7 9. Bd3 O-O 10.
h3 Bd7 11. O-O Rc8 12. Nd2 b5 13. Nb3 Na5 14. Nc5 Nc4 15. Qe2 a5 16. b3 Na3 17. Nxb5 Nxb5 18. Bxb5 Bxb5 19. Qxb5 Ra8 20.
Nb7 Qe8 21. Qxe8 Rfxe8 22. a4 Ne4 23. Rc2 e6 24. Rfc1 Bf8 25. f3 Nf6 26. Rc7 Ba3 27. R1c2 Ra7 28. Bd6 Rb8 29. Rc8+ 1-0

[Event "Snabb-SM för veteraner, 65+ 2019"]
[Site "Schackcentrum, Vegagatan 20, Gothenburg, Sweden"]
[Date "2019.10.06"]
[Round "11.7"]
[White "Nyberg, Bo"]
[Black "Westerlind, Sture"]
[Result "1-0"]
[TimeControl "15 minutes + 10 seconds per move from move one"]
[WhiteFideId "1710583"]
[BlackFideId "1745654"]
[WhiteElo "1806"]
[BlackElo "1806"]

1. d4 Nf6 2. Bf4 d6 3. Nf3 b6 4. e3 Bb7 5. c3 g6 6. Bd3 Bg7 7. O-O O-O 8. Nbd2 Nbd7 9. e4 Re8 10.
e5 Nd5 11. Bg3 dxe5 12. dxe5 e6 13. Re1 c5 14. Bh4 Qc7 15. Bb5 Bc6 16. Bxc6 Qxc6 17. Nc4 b5 18. Nd6 Nxe5 19. Nxe8 Nxf3+ 20. Qxf3 Qxe8 21. Rad1 Ne7 22. Bxe7 1-0

[Event "Snabb-SM för veteraner, 65+ 2019"]
[Site "Schackcentrum, Vegagatan 20, Gothenburg, Sweden"]
[Date "2019.10.06"]
[Round "11.8"]
[White "Nordstrom, Per-Olov"]
[Black "Andersson, Kaj"]
[Result "1/2-1/2"]
[TimeControl "15 minutes + 10 seconds per move from move one"]
[WhiteFideId "1714317"]
[BlackFideId "1709860"]
[WhiteElo "1940"]
[BlackElo "2083"]

1. e4 c5 2. Nf3 d6 3. g3 Nf6 4. d3 b5 5. a4 b4 6. Nbd2 Bb7 7. Bg2 e6 8. O-O Be7 9. Re1 O-O 10.
Nc4 Nbd7 11. e5 dxe5 12. Ncxe5 Nxe5 13. Nxe5 Bxg2 14. Kxg2 Qd5+ 15. Qf3 Rac8 16. Nc4 Rfd8 17. Bf4 Qxf3+ 18. Kxf3 Nd5 19. Bd2 Bf6 20. Re2 Ne7 21. Kg2 Nc6 22. Be3 Bd4 23. Bxd4 Nxd4 24. Rd2 Rd5 25. b3 Rcd8 26. Ne3 R5d7 27.
Nc4 f6 28. f4 Kf7 29. Re1 h5 30. h4 g6 31. Re4 Rd5 32. Ne3 R5d7 33. Nc4 Rd5 34. Ne3 R5d7 35. Nc4 1/2-1/2

[Event "Snabb-SM för veteraner, 65+ 2019"]
[Site "Schackcentrum, Vegagatan 20, Gothenburg, Sweden"]
[Date "2019.10.06"]
[Round "11.9"]
[White "Wahlstedt, Mats"]
[Black "Herrman, Jan"]
[Result "0-1"]
[TimeControl "15 minutes + 10 seconds per move from move one"]
[WhiteFideId "1712250"]
[BlackFideId "1731882"]
[WhiteElo "1821"]
[BlackElo "1929"]

1. e4 e5 2. Nf3 Nc6 3. Bb5 Nf6 4. d3 d6 5. h3 Be7 6. c3 O-O 7. Nbd2 a6 8. Ba4 b5 9. Bc2 Na5 10.
b4 Nb7 11. a4 Bd7 12. O-O c5 13. a5 Qc7 14. Bb2 Rac8 15. Bb3 Nd8 16. bxc5 dxc5 17. d4 exd4 18. e5 Ne8 19. Bd5 dxc3 20.
Bxc3 Be6 21. Be4 b4 22. Bb2 c4 23. Bc1 c3 24. Nb3 Qc4 25. Bc2 Nb7 26. Re1 Nc5 27. Nxc5 Qxc5 28. Qd3 g6 29.
Nd4 Nc7 30. Nxe6 Nxe6 31. Be3 Qc4 32. Bb6 Qxd3 33. Bxd3 Nc5 34. Bxc5 Rxc5 35. Bc2 Rd8 36. Bb3 c2 37. Kf1 Rdc8 38.
Rac1 Bg5 39. e6 Bxc1 40. exf7+ Kf8 41. Rxc1 Rc3 42. Be6 R8c7 0-1